 Dungeon Crawl Stone Soup version 0.27.1-37-g7b29ead8ac (console) character file.

Game seed: 7928115594176758023

1024 grimtooth the Covert (level 8, 0/45 HPs)
             Began as a Kobold Artificer on Dec 26, 2023.
             Slain by a wyvern skeleton (11 damage)
             ... on level 6 of the Dungeon.
             The game lasted 00:26:07 (7334 turns).

grimtooth the Covert (Kobold Artificer)             Turns: 7334, Time: 00:26:10

Health: 0/45       AC:  4    Str:  9    XL:     8   Next: 46%
Magic:  8/8        EV: 17    Int: 13    God:
Gold:   262        SH:  0    Dex: 17    Spells: 7/7 levels left

rFire    . . .     SeeInvis .   b - +2 short sword (drain)
rCold    + . .     Faith    .   (shield restricted)
rNeg     . . .     Spirit   .   D - +0 leather armour
rPois    +         Reflect  .   (no helmet)
rElec    .         Harm     .   (no cloak)
rCorr    .         Rampage  +   (no gloves)
Will     .....                  y - +0 pair of boots {rampage}
Stlth    +++++.....             (no amulet)
HPRegen  0.15/turn              g - ring of poison resistance
MPRegen  0.11/turn              u - ring of protection from cold

@: no status effects
A: small, no large weapons, nightstalker 3
a: no special abilities


You were on level 6 of the Dungeon.
You visited 1 branch of the dungeon, and saw 6 of its levels.
You also visited: Sewer and Ossuary.

You collected 262 gold pieces.

Inventory:

Hand Weapons
 a - a +2 dagger of draining
 b - a +2 short sword of draining (weapon)
Missiles
 l - 42 stones
 m - 37 poisoned darts (quivered)
 C - 5 boomerangs
Armour
 c - a +0 buckler
 y - a +0 pair of boots of rampaging (worn)
 D - a +0 leather armour (worn)
Jewellery
 g - a ring of poison resistance (left hand)
 u - a ring of protection from cold (right hand)
 E - a ring of resist corrosion
Wands
 d - a wand of charming (9)
 w - a wand of mindburst (7)
 B - a wand of acid (9)
Scrolls
 f - 3 scrolls of teleportation {unknown}
 h - a scroll of blinking {unknown}
 j - 2 scrolls of noise {unknown}
 k - a scroll of fear {unknown}
 n - 4 scrolls of enchant weapon {unknown}
 p - 2 scrolls of fog {unknown}
 t - a scroll of vulnerability {unknown}
 v - 4 scrolls of identify {unknown}
 x - a scroll of brand weapon {unknown}
 z - a scroll of acquirement {unknown}
Potions
 i - 3 potions of curing
 o - a potion of invisibility {unknown}
 q - a potion of lignification {unknown}
 r - 4 potions of heal wounds
 s - 3 potions of flight
 A - a potion of might {unknown}
 F - a potion of attraction {unknown}
 G - a potion of brilliance {unknown}
Miscellaneous
 e - a piece from Xom's chessboard (13/15)


   Skills:
 * Level 2.4 Fighting
 - Level 6.0 Short Blades
 - Level 0.7 Armour
 - Level 6.0 Dodging
 + Level 8.9 Stealth
 - Level 3.6 Evocations


You had 7 spell levels left.
You didn't know any spells.
Your spell library contained the following spells:

 Spells                   Type           Power      Damage    Failure   Level
 Inner Flame              Hex/Fire       0%         N/A       77%         3
 Portal Projectile        Hex/Tloc       0%         N/A       77%         3
 Summon Guardian Golem    Hex/Summ       0%         N/A       77%         3
 Cause Fear               Hex            0%         N/A       99%         4
 Blade Hands              Tmut           0%         N/A       100%        5
 Excruciating Wounds      Necr           0%         N/A       100%        5
 Fireball                 Conj/Fire      0%         3d3       100%        5
 Starburst                Conj/Fire      0%         6d3       100%        6
 Orb of Destruction       Conj           0%         N/A       100%        7
 Spellforged Servitor     Conj/Summ      0%         N/A       100%        7
 Discord                  Hex            0%         N/A       100%        8
 Ignition                 Fire           0%         3d3       100%        8


Dungeon Overview and Level Annotations

Branches:
Dungeon (6/15)              Sewer (visited)         Ossuary (visited)
 Temple: D:4-7

Altars:
Trog

Annotations:
D:3 1 runed translucent door, Crazy Yiuf, Terence
D:5 exclusion: 2 ogres, Dowan


Innate Abilities, Weirdness & Mutations

You are small and have problems with some larger weapons.
You are completely attuned to the shadows.


Message History

The orc is severely wounded.
The orc misses you.
You hit the orc but do no damage.
The orc is severely wounded.
The orc hits you with a +0 flail.
You barely miss the orc.
The orc is severely wounded.
The orc misses you.
You hit the orc. You drain the orc.
You kill the orc!
You hit the orc.
The orc is almost dead.
The orc misses you.
You hit the orc.
You kill the orc!
You hit the orc. You drain the orc.
You kill the orc!
The wyvern skeleton closely misses you.
You swing at nothing.
The wyvern skeleton bites you!
Items here: )))) ? [[ †.
You hit the wyvern skeleton.
The wyvern skeleton is lightly damaged.
The wyvern skeleton completely misses you.
You make a move on Xom's chessboard...
The wyvern skeleton barely resists.
The wyvern skeleton barely misses you. The wyvern skeleton misses you.
Okay, then.
Press: ? - help, v - describe, . - travel
Here: a wyvern skeleton (lightly damaged)
The floor, spattered with blood.
You make a move on Xom's chessboard...
The wyvern skeleton barely resists.
The wyvern skeleton bites you.
* * * LOW HITPOINT WARNING * * *
Aiming: Corrosive Bolt
Press: ? - help, Shift-Dir - straight line, f - wyvern skeleton
Aim: a wyvern skeleton (lightly damaged, 98% to hit)
The bolt of acid hits the wyvern skeleton!
The wyvern skeleton is splashed with acid.
The wyvern skeleton is almost destroyed.
The wyvern skeleton bites you!
You die...

.##### ## ...#.##..# #..<.#...
#.##... ....#.. #........#Z..Z..
... #...... #..............#
...##....#####@....(....##.###.
##........##.#Z##..........?....
##..............#..((............
........##.........#......#.....#
###.....####..#...##.............
..#....#####.....####......#.....
......##.#.##...#########.......
.###..........#....### ####.
..##.....#(..#####...## ).# ...#
##.## #....### ..##... ##..#
##......


You could see a wyvern skeleton.

Vanquished Creatures
  2 sky beasts
  A phantom (D:4)
  A kobold brigand (Sewer)
  A scorpion (D:5)
  2 water moccasin skeletons
  A centaur zombie (Ossuary)
  A bullfrog zombie (D:5)
  2 hounds
  2 centaur skeletons
  2 gnolls (D:5)
  2 iguanas
  An orc wizard (D:6)
  A hound zombie (D:5)
  2 hound skeletons
  3 mummies (Ossuary)
  2 river rats (Sewer)
  3 adders
  2 adder skeletons (D:4)
  A worm (D:2)
  2 dart slugs (D:1)
  7 orcs
  5 bats
  4 endoplasms
  A giant cockroach (D:1)
  7 goblins
  5 hobgoblins
  7 jackals
  5 kobolds
  4 quokkas
  7 ball pythons
  4 frilled lizards
  A hobgoblin zombie (Ossuary)
  10 rats
101 creatures vanquished.

Vanquished Creatures (collateral kills)
  A centaur zombie (Ossuary)
  A gnoll shaman (D:5)
  A mummy (Ossuary)
  A gnoll (D:5)
  3 hobgoblin zombies (Ossuary)
7 creatures vanquished.

Vanquished Creatures (others)
  2 centaur zombies (Ossuary)
  A gnoll (D:5)
  17 fungi (D:3)
  41 plants
61 creatures vanquished.

Grand Total: 169 creatures vanquished

Notes
Turn   | Place    | Note
-------+----------+-------------------------------------------
     0 | D:1      | grimtooth the Kobold Artificer began the quest for the Orb.
     0 | D:1      | Reached XP level 1. HP: 12/12 MP: 1/1
   203 | D:1      | Reached XP level 2. HP: 12/16 MP: 2/2
   385 | D:1      | Reached skill level 2 in Stealth
   856 | D:1      | Found a faded altar of an unknown god.
  1067 | D:1      | Reached XP level 3. HP: 13/20 MP: 3/3
  2272 | D:2      | Reached skill level 3 in Stealth
  2624 | D:2      | Reached XP level 4. HP: 22/25 MP: 4/4
  3533 | D:3      | Reached skill level 5 in Dodging
  3533 | D:3      | Reached XP level 5. HP: 25/29 MP: 5/5
  3593 | D:3      | Found a glowing drain.
  3615 | Sewer    | Entered a sewer
  3641 | Sewer    | Reached skill level 4 in Stealth
  3702 | Sewer    | Noticed a kobold brigand
  3709 | Sewer    | Killed a kobold brigand
  3710 | Sewer    | Reached XP level 6. HP: 18/34 MP: 6/6
  3896 | Sewer    | Found a white marble altar of Elyvilon.
  4046 | D:3      | You fall into a shaft and drop 3 floors!
  4047 | D:6      | - dangit
  4064 | D:5      | Entered Level 5 of the Dungeon
  4146 | D:5      | Reached skill level 5 in Stealth
  4153 | D:5      | Found a sand-covered staircase.
  4159 | Ossuary  | Entered an ossuary
  4178 | Ossuary  | - this feels... dangerous
  4193 | Ossuary  | Reached skill level 6 in Stealth
  4830 | D:3      | Noticed Terence
  5064 | D:3      | Found a runed translucent door.
  5067 | D:3      | Noticed Crazy Yiuf
  5170 | D:4      | Reached XP level 7. HP: 30/38 MP: 7/7
  5417 | D:4      | Reached skill level 7 in Stealth
  6158 | D:5      | Reached skill level 5 in Short Blades
  6292 | D:5      | Reached XP level 8. HP: 43/43 MP: 8/8
  6503 | D:5      | Reached skill level 8 in Stealth
  6811 | D:5      | Found a bloodstained altar of Trog.
  6914 | D:5      | Noticed Dowan
  7334 | D:6      | Slain by a wyvern skeleton

Illustrated notes #.##... ..Z.. ... ..##.###. ....@.... ......... ..#.....# . ....... ..#..... Turn 4047 on D:6: - dangit

###########.
#M........Z^
...........^
.....∩@∩....
............
#........^Z.
##########.


Turn 4178 on Ossuary: - this feels... dangerous

Levels and vault maps discovered:
D:1:      dpeg_arrival_yet_another_circle, layout_loops_corners,
          hellmonk_ecumenical_altar_leap_of_faith
D:2:      layout_basic
D:3:      layout_loops_corners, tgw_fedhas, portal_sewer_entry_b, uniq_terence,
          uniq_crazy_yiuf_cottage
D:4:      layout_loops_ring
D:5:      layout_basic, amcnicky_altar_gilded,
          lightli_ossuary_entry_decrepit_ruins, serial_bayou_crossing,
          uniq_duvessa, uniq_sigmund
D:6:      layout_cave_pools, nicolae_overflow_hidden_temple, serial_shops,
          nicolae_square_shop, gammafunk_ghost_necromancy, uniq_blork_the_orc

Skill      XL: |  1  2  3  4  5  6  7  8 |
---------------+-------------------------+-----
Dodging        | 3 4 5 6 |  6.0
Stealth        | 2 3 4 6 7 8 |  8.9
Short Blades   | 2 5 6 |  6.0
Fighting       | 2 |  2.4
Armour         | |  0.7
Evocations     | |  3.6

Action                   |  1- 3 |  4- 6 |  7- 9 || total
-------------------------+-------+-------+-------++-------
Melee: Club              |    61 |       |       ||    61
       Short sword       |    54 |    14 |   101 ||   169
       Dagger            |       |   100 |    50 ||   150
Throw: Dart              |     6 |     8 |     7 ||    21
       Stone             |     4 |     1 |       ||     5
Evoke: Wand              |     9 |    13 |     3 ||    25
       Piece from Xom's  |       |       |     2 ||     2
  Use: Potion            |       |     1 |       ||     1
 Stab: Sleeping          |     9 |    19 |    12 ||    40
Armor: Leather armour    |    18 |    11 |    22 ||    51
Dodge: Dodged            |    87 |    91 |   102 ||   280
